 Dungeon Crawl Stone Soup version 0.31-a0-167-g1c394c0614 (webtiles) character file.

Game seed: 6117918608984673558

15257 qw the Cleaver (level 12, -6/76 HPs)
             Began as a Gargoyle Fighter on June 14, 2023.
             Was an Elder of Okawaru.
             Mangled by a torpor snail (16 damage)
             ... on level 2 of the Lair of Beasts.
             The game lasted 00:08:33 (12854 turns).

qw the Cleaver (Gargoyle Fighter)                  Turns: 12854, Time: 00:08:33

Health: -6/76      AC: 34    Str: 25    XL:     12   Next: 25%
Magic:  19/19      EV: 15    Int:  9    God:    Okawaru [****..]
Gold:   494        SH:  7    Dex: 15    Spells: 11/11 levels left

rFire   + . .        Y - +1 broad axe
rCold   . . .        c - +0 buckler
rNeg    + + .        y - +0 plate armour "Ufann" {rF+ rN+}
rPois   inf          e - +2 helmet
rElec   +            A - +0 cloak
rCorr   .            f - +1 pair of gloves
SInv    .            b - +0 pair of boots
Will    .....        (no amulet) Stlth
                     h - +5 ring of evasion
HPRegen 0.32/turn    t - +6 ring of dexterity
MPRegen 0.16/turn

%: no passive effects
@: heroic, marked, slowed, very slow
A: sickness immunity, AC +8, negative energy resistance 1, electricity
resistance, torment resistance 1, petrification resistance
a: Renounce Religion, Heroism, Finesse


You were on level 2 of the Lair of Beasts.
You worshipped Okawaru.
Okawaru was greatly pleased with you.
You visited 2 branches of the dungeon, and saw 10 of its levels.
You also visited: Ossuary.

You collected 808 gold pieces.
You spent 314 gold pieces at shops.


Innate Abilities, Weirdness & Mutations

You are immune to sickness and miasma.
Your stone body is resilient. (AC +8)
You are immune to poison.
You resist negative energy. (rN+)
You are resistant to electric shocks. (rElec)
You are resistant to unholy torment.
You are immune to petrification.


   Skills:
 - Level 9.0(14.0) Fighting
 + Level 11.6(16.6) Axes
 - Level 3.0(8.0) Throwing
 - Level 9.0(14.0) Armour
 - Level 2.2(7.2) Dodging
 - Level 5.1(10.1) Shields
 - Level 10.0 Invocations


You had 11 spell levels left.
You didn't know any spells.
Your spell library was empty.

Inventory:

Hand Weapons
 i - the +1 morningstar of Zowag {flame, rPois Str-5 Int+3 SInv Stlth+}
   (You bought it in a shop on level 7 of the Dungeon)

   Str:       It affects your strength (-5).
   Int:       It affects your intelligence (+3).
   rPois:     It protects you from poison.
   SInv:      It lets you see invisible.
   Stlth:     It makes you more stealthy.
 m - a +4 morningstar
 Y - a +1 broad axe (weapon)
Missiles
 q - 2 javelins (quivered)
Armour
 b - a +0 pair of boots (worn)
 c - a +0 buckler (worn)
 e - a +2 helmet (worn)
 f - a +1 pair of gloves (worn)
 y - the +0 plate armour "Ufann" (worn) {rF+ rN+}
   (You found it on level 1 of the Lair of Beasts)

   rF:        It protects you from fire.
   rN:        It protects you from negative energy.
 A - a +0 cloak (worn)
Jewellery
 h - a +5 ring of evasion (left hand)
 j - a ring of see invisible
 o - an amulet of guardian spirit
 t - a +6 ring of dexterity (right hand)
 x - a ring of ice
Scrolls
 g - 2 scrolls of identify
 k - a scroll of torment {unknown}
 p - a scroll of teleportation
Potions
 a - 3 potions of attraction
 d - 2 potions of might
 l - a potion of mutation
 r - 3 potions of haste
 s - 4 potions of curing
 u - a potion of magic
 v - 7 potions of heal wounds
 w - 2 potions of lignification

Dungeon Overview and Level Annotations

Branches:
Dungeon (8/15)             Temple (0/1) D:7            Lair (2/5) D:8
Ossuary (visited)
  Swamp: Lair:2-3    Shoals: Lair:2-3     Snake: Lair:2-3    Spider: Lair:2-3

Altars:
Gozag
Okawaru
Qazlal
Uskayaw

Shops:
D:7 (   D:8 *

Annotations:
D:3 3 runed translucent doors, qw's ghost, amateur GrFi
D:5 3 runed translucent doors, qw's ghost, amateur MiHu


Message History

The torpor snail is moderately wounded.
The torpor snail bites you!
The salamander hits you but does no damage.
You slash the torpor snail!
The torpor snail is heavily wounded.
You barely miss the torpor snail.
The blink frog blinks!
The salamander closely misses you. The torpor snail bites you.
The torpor snail barely misses you.
You slice the torpor snail!!
The torpor snail is almost dead.
You hit the torpor snail.
The salamander hits you but does no damage.
The torpor snail barely misses you. The torpor snail completely misses you.
You slash the torpor snail!
You kill the torpor snail!
Okawaru accepts your kill.
You slash the torpor snail!
You hit the torpor snail but do no damage.
You block the salamander's attack.
The blink frog blinks!
The salamander hits you but does no damage.
The torpor snail barely misses you.
You hit the torpor snail.
The torpor snail is lightly wounded.
You hit the torpor snail but do no damage.
The torpor snail bites you but does no damage.
The salamander hits you from afar with a +0 spear!
You are engulfed in flames.
You resist.
You hit the torpor snail.
The torpor snail is lightly wounded.
You slash the torpor snail! The torpor snail barely misses you.
You block the torpor snail's attack.
The salamander hits you but does no damage.
You slash the torpor snail!
The torpor snail is heavily wounded.
You slash the torpor snail!
The salamander hits you from afar with a +0 spear!
You are engulfed in flames.
You resist.
The torpor snail bites you but does no damage.
The torpor snail bites you!
You die...

#.......................
#.#..P.#...#...###.#...P
#.......................
#...#.....##.........P##
.......................
.##..#..P..###.#..P..P.
###.#..###..##..#..#.##.
######.....w.................
.........P..@..:.........##.#
#####.....w.................
#P.P##NP.....##.#...##..
...................##...
#......##...P.#..P.#.##..
.............F.........#
....####.........##..#.# ....
........>.......# ...
#................#####


You could see a salamander, 2 torpor snails and a blink frog.

Vanquished Creatures
  Erica (Lair:2)
  A boulder beetle (Lair:2)
  A death yak (Lair:1)
  A skyshark (Lair:2)
  A lindwurm (Lair:2)
  3 elephants (Lair:2)
  4 cane toads
  2 torpor snails
  Joseph (D:8)
  2 rime drakes (Lair:2)
  4 komodo dragons
  2 trolls
  5 blink frogs (Lair:1)
  2 wyverns
  3 yaks (Lair:1)
  8 water moccasins
  3 black bears
  2 orc warriors (D:8)
  2 sky beasts (D:6)
  An ice beast (D:8)
  A centaur (D:8)
  12 wolves
  2 ogres
  2 phantoms (D:6)
  Blork the orc (D:5)
  9 bullfrogs
  13 scorpions
  5 wights (D:7)
  A howler monkey (D:5)
  A jelly (D:6)
  3 centaur zombies (Ossuary)
  A human zombie (Ossuary)
  7 orc priests
  2 hounds
  Ijyb (D:3)
  3 sleepcaps
  3 scorpion zombies (Ossuary)
  5 iguanas
  4 orc wizards
  3 mummies (Ossuary)
  5 gnolls
  9 adders
  9 river rats (D:6)
  A shadow imp (D:7)
  A white imp (D:7)
  2 ufetubi (D:4)
  2 worms
  3 dart slugs
  27 orcs
  8 ball pythons
  4 bats
  8 endoplasms
  4 giant cockroaches
  7 goblins
  6 hobgoblins
  10 quokkas
  2 frilled lizards (D:1)
  A gnoll zombie (Ossuary)
  A hobgoblin zombie (Ossuary)
  4 kobolds
  A kobold zombie (Ossuary)
  3 orc zombies (Ossuary)
  22 rats
268 creatures vanquished.

Notes
Turn   | Place    | Note
-------+----------+-------------------------------------------
     0 | D:1      | qw the Gargoyle Fighter began the quest for the Orb.
     0 | D:1      | Reached XP level 1. HP: 14/14 MP: 1/1
     0 | D:1      | 0 ||| qw: Version: 0.2-a-29-g1fa15c8
     0 | D:1      | 0 ||| qw: Game counter: 5062
     0 | D:1      | 0 ||| qw: Always use a shield: true
     0 | D:1      | 0 ||| qw: God list: Okawaru
     0 | D:1      | 0 ||| qw: Allow faded altars: false
     0 | D:1      | 0 ||| qw: Do Orc after D:15 true
     0 | D:1      | 0 ||| qw: Do second Lair branch before Depths: true
     0 | D:1      | 0 ||| qw: Lair rune preference: random
     0 | D:1      | 0 ||| qw: Plans: Normal, Zot:1-4, Slime:5, God:TSO, Crypt,
                  | Tomb, Abyss, Pan, Hells, Win
     0 | D:1      | 0 ||| PLANNING D:1-11
   101 | D:1      | 101 ||| Stepping ~*~*~tactically~*~*~ (stealth).
   102 | D:1      | 102 ||| Stepping ~*~*~tactically~*~*~ (stealth).
   103 | D:1      | 103 ||| Stepping ~*~*~tactically~*~*~ (stealth).
   110 | D:1      | Reached skill level 2 in Axes
   123 | D:1      | Reached XP level 2. HP: 19/19 MP: 2/2
   250 | D:1      | Reached skill level 3 in Axes
   334 | D:1      | Reached XP level 3. HP: 20/23 MP: 3/3
   538 | D:1      | 538 ||| Stepping ~*~*~tactically~*~*~ (stealth).
   606 | D:1      | Found a faded altar of an unknown god.
   608 | D:1      | 608 ||| Stepping ~*~*~tactically~*~*~ (hiding).
  1078 | D:1      | 1078 ||| UPGRADING to +3 scale mail.
  1088 | D:1      | 1088 ||| DROPPING +0 scale mail.
  1089 | D:1      | 1089 ||| UPGRADING to +0 pair of gloves.
  1094 | D:1      | 1094 ||| READING 2 scrolls labelled BUIM VUPUXADD.
  1098 | D:1      | 1098 ||| READING scroll labelled WOUSOA XYLANN.
  1099 | D:1      | 1099 ||| DRINKING 3 puce potions.
  1190 | D:2      | 1190 ||| Stepping ~*~*~tactically~*~*~ (stealth).
  1250 | D:2      | 1250 ||| Stepping ~*~*~tactically~*~*~ (stealth).
  1259 | D:2      | 1259 ||| DROPPING +0 club.
  1341 | D:2      | Reached XP level 4. HP: 28/28 MP: 4/4
  2029 | D:2      | Reached skill level 4 in Axes
  2149 | D:2      | 2149 ||| READING scroll labelled CIURYZ DENOA.
  2150 | D:2      | 2150 ||| READING 2 scrolls labelled OXTYEP NOEL.
  2151 | D:2      | 2151 ||| READING scroll labelled VEAHIO BEUHETH.
  2169 | D:3      | Noticed qw's ghost (amateur GrFi)
  2170 | D:3      | 2170 ||| Stepping ~*~*~tactically~*~*~ (hiding).
  2173 | D:3      | 2173 ||| Stepping ~*~*~tactically~*~*~ (hiding).
  2491 | D:3      | Noticed Ijyb
  2502 | D:3      | Paralysed by Ijyb for 5 turns
  2518 | D:3      | Killed Ijyb
  2519 | D:3      | Reached XP level 5. HP: 23/32 MP: 5/5
  2722 | D:3      | Found a runed translucent gate.
  2722 | D:3      | Found a runed translucent gate.
  2722 | D:3      | Found a runed translucent gate.
  2783 | D:3      | 2783 ||| Stepping ~*~*~tactically~*~*~ (hiding).
  2923 | D:3      | Found an iron altar of Okawaru.
  2924 | D:3      | 2924 ||| PLANNING OKAWARU WORSHIP
  2924 | D:3      | 2924 ||| UPGRADING to +0 chain mail.
  2934 | D:3      | 2934 ||| DROPPING +3 scale mail.
  2935 | D:3      | 2935 ||| READING scroll labelled LOZORA UT ERICWITZ.
  2936 | D:3      | 2936 ||| READING 2 scrolls labelled JANIKY JUAGUPN.
  2937 | D:3      | 2937 ||| DROPPING scroll of immolation.
  2942 | D:3      | Became a worshipper of Warmaster Okawaru
  2943 | D:3      | 2943 ||| PLANNING D:1-11
  3455 | D:3      | 3455 ||| Stepping randomly (stuck).
  3761 | D:4      | 3761 ||| Stepping ~*~*~tactically~*~*~ (hiding).
  3770 | D:4      | Reached skill level 5 in Axes
  3787 | D:4      | HP: 4/32 [gnoll/+0 flail (8)]
  3788 | D:4      | 3788 ||| READING scroll of teleportation.
  3788 | D:4      | HP: 1/32 [gnoll/+0 flail (3)]
  3789 | D:4      | 3789 ||| DRINKING 2 potions of heal wounds.
  3863 | D:4      | 3863 ||| Stepping ~*~*~tactically~*~*~ (hiding).
  4336 | D:4      | Noticed an ogre
  4345 | D:4      | Killed an ogre
  4346 | D:4      | Reached XP level 6. HP: 15/38 MP: 6/6
  4744 | D:4      | 4744 ||| UPGRADING to +0 pair of boots.
  4749 | D:4      | 4749 ||| UPGRADING to +2 helmet.
  4754 | D:4      | 4754 ||| DROPPING ring of wizardry.
  4755 | D:4      | 4755 ||| DRINKING 2 orange potions.
  4756 | D:4      | 4756 ||| DROPPING potion of degeneration.
  4772 | D:5      | Entered Level 5 of the Dungeon
  4772 | D:5      | Noticed a black bear
  4772 | D:5      | Noticed an acid dragon
  4772 | D:5      | Noticed qw's ghost (amateur MiHu)
  4772 | D:5      | Found a runed translucent gate.
  4772 | D:5      | Found a runed translucent gate.
  4772 | D:5      | Found a runed translucent gate.
  4779 | D:5      | Reached * piety under Okawaru
  4780 | D:5      | Reached skill level 6 in Axes
  4806 | D:5      | 4806 ||| INVOKING Heroism.
  4808 | D:5      | Noticed Blork the orc
  4817 | D:5      | 4817 ||| INVOKING Heroism.
  4824 | D:5      | HP: 6/38 [Blork the orc/+0 war axe (13)]
  4824 | D:5      | HP: 2/38 [something (1)]
  4825 | D:5      | 4825 ||| DRINKING potion of heal wounds.
  4830 | D:5      | 4830 ||| INVOKING Heroism.
  4832 | D:5      | Reached XP level 7. HP: 11/43 MP: 2/7
  4833 | D:5      | Killed Blork the orc
  5178 | D:5      | 5178 ||| DROPPING +3 flail.
  5183 | D:5      | 5183 ||| Stepping ~*~*~tactically~*~*~ (hiding).
  5184 | D:5      | 5184 ||| Stepping ~*~*~tactically~*~*~ (hiding).
  5200 | D:5      | 5200 ||| FLEEEEING.
  5287 | D:5      | 5287 ||| Stepping ~*~*~tactically~*~*~ (stealth).
  5332 | D:5      | Reached skill level 1 in Invocations
  5334 | D:5      | 5334 ||| FLEEEEING.
  5335 | D:5      | 5335 ||| FLEEEEING.
  5336 | D:5      | 5336 ||| FLEEEEING.
  5337 | D:5      | 5337 ||| FLEEEEING.
  5338 | D:5      | 5338 ||| FLEEEEING.
  5339 | D:5      | 5339 ||| FLEEEEING.
  5340 | D:5      | 5340 ||| FLEEEEING.
  5341 | D:5      | 5341 ||| FLEEEEING.
  5342 | D:5      | 5342 ||| FLEEEEING.
  5343 | D:5      | 5343 ||| FLEEEEING.
  5344 | D:5      | 5344 ||| FLEEEEING.
  5345 | D:5      | 5345 ||| FLEEEEING.
  5346 | D:5      | 5346 ||| FLEEEEING.
  5347 | D:5      | 5347 ||| FLEEEEING.
  5348 | D:5      | 5348 ||| FLEEEEING.
  5349 | D:5      | 5349 ||| STAIRDANCE
  5366 | D:4      | 5366 ||| READING scroll labelled TITEAL SAETE.
  5367 | D:4      | 5367 ||| DRINKING 2 silvery potions.
  5368 | D:4      | 5368 ||| READING 2 scrolls of identify.
  5368 | D:4      | 5368 ||| IDENTIFYING murky blue potion
  5369 | D:4      | 5369 ||| DROPPING potion of invisibility.
  5374 | D:5      | 5374 ||| STAIRDANCE
  5383 | D:4      | Reached skill level 7 in Axes
  5422 | D:5      | 5422 ||| Stepping ~*~*~tactically~*~*~ (stealth).
  5451 | D:5      | 5451 ||| Stepping ~*~*~tactically~*~*~ (stealth).
  5455 | D:5      | 5455 ||| Stepping ~*~*~tactically~*~*~ (stealth).
  5610 | D:5      | 5610 ||| READING scroll of enchant armour.
  5610 | D:5      | 5610 ||| ENCHANTING +0 pair of gloves.
  7110 | D:6      | Noticed a troll
  7111 | D:6      | 7111 ||| INVOKING Heroism.
  7130 | D:6      | Killed a troll
  7131 | D:6      | Reached skill level 3 in Invocations
  7131 | D:6      | Reached XP level 8. HP: 34/49 MP: 8/10
  7148 | D:6      | 7148 ||| STAIRDANCE
  7330 | D:6      | Reached skill level 1 in Dodging
  7460 | D:6      | 7460 ||| Stepping ~*~*~tactically~*~*~ (stealth).
  7462 | D:6      | 7462 ||| Stepping ~*~*~tactically~*~*~ (stealth).
  7463 | D:6      | 7463 ||| Stepping ~*~*~tactically~*~*~ (stealth).
  7464 | D:6      | 7464 ||| Stepping ~*~*~tactically~*~*~ (stealth).
  7469 | D:6      | 7469 ||| INVOKING Heroism.
  7474 | D:6      | Reached skill level 1 in Throwing
  7824 | D:6      | 7824 ||| FLEEEEING.
  7825 | D:6      | 7825 ||| FLEEEEING.
  7861 | D:6      | 7861 ||| Stepping ~*~*~tactically~*~*~ (stealth).
  7880 | D:6      | 7880 ||| INVOKING Heroism.
  7905 | D:6      | 7905 ||| INVOKING Heroism.
  7922 | D:6      | Reached skill level 8 in Axes
  8010 | D:6      | 8010 ||| Stepping ~*~*~tactically~*~*~ (stealth).
  8100 | D:6      | Identified the +6 dagger "Senkobez" {heavy, rPois}
  8166 | D:6      | Reached skill level 6 in Fighting
  8166 | D:6      | Reached XP level 9. HP: 55/55 MP: 12/12
  8296 | D:6      | 8296 ||| INVOKING Heroism.
  8520 | D:6      | 8520 ||| UPGRADING to +5 ring of evasion.
  8521 | D:6      | 8521 ||| READING scroll labelled PAUGEN HEUW.
  8522 | D:6      | 8522 ||| DRINKING 2 ruby potions.
  8523 | D:6      | 8523 ||| READING 3 scrolls of identify.
  8523 | D:6      | 8523 ||| IDENTIFYING smoky clear potion
  8524 | D:6      | 8524 ||| READING 2 scrolls of identify.
  8524 | D:6      | 8524 ||| IDENTIFYING purple potion
  8525 | D:6      | 8525 ||| DROPPING potion of brilliance.
  8549 | D:7      | 8549 ||| PLANNING OSSUARY
  8552 | D:7      | 8552 ||| Stepping ~*~*~tactically~*~*~ (hiding).
  8673 | D:7      | 8673 ||| UPGRADING to +0 broad axe.
  8674 | D:7      | 8674 ||| DROPPING +1 war axe.
  8756 | D:7      | Found a sand-covered staircase.
  8757 | D:7      | 8757 ||| UPGRADING to +6 ring of dexterity.
  8764 | D:7      | 8764 ||| INVOKING Heroism.
  8774 | Ossuary  | Entered an ossuary
  8880 | Ossuary  | Reached ** piety under Okawaru
  8913 | Ossuary  | Reached skill level 9 in Axes
  8939 | Ossuary  | 8939 ||| READING scroll of enchant weapon.
  8939 | Ossuary  | 8939 ||| ENCHANTING +0 broad axe.
  8964 | Ossuary  | 8964 ||| Stepping ~*~*~tactically~*~*~ (stealth).
  9058 | Ossuary  | 9058 ||| Stepping ~*~*~tactically~*~*~ (stealth).
  9078 | Ossuary  | 9078 ||| DRINKING 3 brown potions.
  9079 | Ossuary  | 9079 ||| DRINKING 2 potions of curing.
  9079 | Ossuary  | 9079 ||| (to cure confusion)
  9080 | Ossuary  | 9080 ||| DRINKING 2 golden potions.
  9081 | Ossuary  | 9081 ||| DRINKING 3 blue potions.
  9082 | Ossuary  | 9082 ||| READING 2 scrolls of identify.
  9082 | Ossuary  | 9082 ||| IDENTIFYING metallic dark potion
  9083 | Ossuary  | 9083 ||| DROPPING 2 potions of ambrosia.
  9084 | Ossuary  | 9084 ||| DROPPING potion of enlightenment.
  9119 | D:7      | 9119 ||| PLANNING D:1-11
  9163 | D:7      | 9163 ||| DROPPING +0 flail of holy wrath.
  9164 | D:7      | 9164 ||| DROPPING +0 morningstar.
  9167 | D:7      | 9167 ||| Stepping ~*~*~tactically~*~*~ (hiding).
  9187 | D:7      | Found a staircase to the Ecumenical Temple.
  9188 | D:7      | 9188 ||| INVOKING Heroism.
  9202 | D:7      | Reached *** piety under Okawaru
  9230 | D:7      | Found Mizeuh's Weapon Shop.
  9235 | D:7      | 9235 ||| BUYING +1 morningstar of Zowag {flame, rPois Str-5
                  | Int+3 SInv Stlth+} (314 gold).
  9235 | D:7      | Bought the +1 morningstar of Zowag {flame, rPois Str-5
                  | Int+3 SInv Stlth+} for 314 gold pieces
  9483 | D:7      | Found an opulent altar of Gozag.
  9757 | D:7      | 9757 ||| DROPPING +2 scale mail of positive energy.
  9758 | D:7      | 9758 ||| READING 2 scrolls of identify.
  9758 | D:7      | 9758 ||| IDENTIFYING fizzy purple potion
  9759 | D:7      | 9759 ||| DROPPING potion of berserk rage.
  9870 | D:8      | Reached XP level 10. HP: 63/63 MP: 13/13
  9880 | D:8      | 9880 ||| INVOKING Heroism.
  9887 | D:8      | Reached skill level 10 in Axes
  9914 | D:8      | Noticed Joseph
  9915 | D:8      | 9915 ||| Stepping ~*~*~tactically~*~*~ (hiding).
  9919 | D:8      | 9919 ||| Stepping ~*~*~tactically~*~*~ (hiding).
  9933 | D:8      | Killed Joseph
 10016 | D:8      | Reached skill level 6 in Armour
 10158 | D:8      | 10158 ||| Stepping ~*~*~tactically~*~*~ (stealth).
 10190 | D:8      | Found a stormy altar of Qazlal.
 10221 | D:8      | 10221 ||| Stepping ~*~*~tactically~*~*~ (hiding).
 10223 | D:8      | 10223 ||| Stepping ~*~*~tactically~*~*~ (hiding).
 10225 | D:8      | 10225 ||| Stepping ~*~*~tactically~*~*~ (hiding).
 10392 | D:8      | 10392 ||| Stepping ~*~*~tactically~*~*~ (stealth).
 10393 | D:8      | 10393 ||| INVOKING Heroism.
 10446 | D:8      | Found Zacer's Elemental Accessories.
 10522 | D:8      | Reached skill level 3 in Throwing
 10644 | D:8      | Found a staircase to the Lair.
 10645 | D:8      | 10645 ||| INVOKING Heroism.
 10721 | D:8      | 10721 ||| PLANNING LAIR
 10721 | D:8      | 10721 ||| UPGRADING to +0 plate armour.
 10731 | D:8      | 10731 ||| DROPPING +0 chain mail.
 10732 | D:8      | 10732 ||| DROPPING +0 ring mail of fire resistance.
 10777 | Lair:1   | Entered Level 1 of the Lair of Beasts
 10778 | Lair:1   | 10778 ||| INVOKING Heroism.
 10780 | Lair:1   | 10780 ||| Stepping ~*~*~tactically~*~*~ (stealth).
 10791 | Lair:1   | Reached **** piety under Okawaru
 10797 | Lair:1   | 10797 ||| INVOKING Heroism.
 10953 | Lair:1   | 10953 ||| INVOKING Heroism.
 10966 | Lair:1   | Reached XP level 11. HP: 62/68 MP: 13/15
 11046 | Lair:1   | Found a hide-covered altar of Uskayaw.
 11107 | Lair:1   | Identified the +0 plate armour "Ufann" {rF+ rN+}
 11126 | Lair:1   | Reached skill level 6 in Invocations
 11173 | Lair:1   | 11173 ||| FLEEEEING.
 11174 | Lair:1   | 11174 ||| FLEEEEING.
 11177 | Lair:1   | 11177 ||| FLEEEEING.
 11178 | Lair:1   | 11178 ||| FLEEEEING.
 11179 | Lair:1   | 11179 ||| FLEEEEING.
 11180 | Lair:1   | 11180 ||| FLEEEEING.
 11181 | Lair:1   | 11181 ||| FLEEEEING.
 11182 | Lair:1   | 11182 ||| FLEEEEING.
 11183 | Lair:1   | 11183 ||| FLEEEEING.
 11184 | Lair:1   | 11184 ||| FLEEEEING.
 11185 | Lair:1   | 11185 ||| INVOKING Heroism.
 11320 | Lair:1   | 11320 ||| INVOKING Heroism.
 11447 | Lair:1   | Noticed a death yak
 11448 | Lair:1   | 11448 ||| INVOKING Heroism.
 11463 | Lair:1   | 11463 ||| INVOKING Heroism.
 11468 | Lair:1   | Killed a death yak
 11469 | Lair:1   | Reached skill level 11 in Axes
 11820 | Lair:1   | 11820 ||| UPGRADING to +0 plate armour "Ufann" {rF+ rN+}.
 11830 | Lair:1   | 11830 ||| DROPPING +0 plate armour.
 11831 | Lair:1   | 11831 ||| UPGRADING to +0 cloak.
 11836 | Lair:1   | 11836 ||| READING scroll labelled ANAUSI ZYTE.
 11837 | Lair:1   | 11837 ||| READING 2 scrolls labelled KUTAPR HUMI.
 11838 | Lair:1   | 11838 ||| READING 2 scrolls of identify.
 11838 | Lair:1   | 11838 ||| IDENTIFYING metallic cyan potion
 11839 | Lair:1   | 11839 ||| DROPPING scroll of vulnerability.
 11858 | Lair:2   | 11858 ||| STAIRDANCE
 11861 | Lair:1   | 11861 ||| INVOKING Heroism.
 11955 | Lair:2   | 11955 ||| STAIRDANCE
 11957 | Lair:1   | 11957 ||| INVOKING Heroism.
 12075 | Lair:2   | 12075 ||| INVOKING Heroism.
 12079 | Lair:2   | Noticed a lindwurm
 12084 | Lair:2   | Noticed a boulder beetle
 12093 | Lair:2   | Killed a lindwurm
 12105 | Lair:2   | 12105 ||| INVOKING Heroism.
 12112 | Lair:2   | Killed a boulder beetle
 12112 | Lair:2   | Received a gift from Okawaru
 12240 | Lair:2   | 12240 ||| Stepping ~*~*~tactically~*~*~ (stealth).
 12244 | Lair:2   | 12244 ||| Stepping ~*~*~tactically~*~*~ (stealth).
 12245 | Lair:2   | 12245 ||| Stepping ~*~*~tactically~*~*~ (stealth).
 12246 | Lair:2   | 12246 ||| Stepping ~*~*~tactically~*~*~ (stealth).
 12254 | Lair:2   | Reached skill level 9 in Invocations
 12258 | Lair:2   | 12258 ||| Stepping ~*~*~tactically~*~*~ (water).
 12267 | Lair:2   | Reached ***** piety under Okawaru
 12268 | Lair:2   | Reached skill level 9 in Fighting
 12272 | Lair:2   | 12272 ||| INVOKING Heroism.
 12482 | Lair:2   | 12482 ||| Stepping ~*~*~tactically~*~*~ (stealth).
 12485 | Lair:2   | 12485 ||| Stepping ~*~*~tactically~*~*~ (stealth).
 12493 | Lair:2   | Identified the +1 battleaxe of Reapportionment {heavy,
                  | Str+2 Dex+3 SInv Stlth+} (Okawaru gifted it to you on level
                  | 2 of the Lair of Beasts)
 12493 | Lair:2   | Received a gift from Okawaru
 12494 | Lair:2   | Reached XP level 12. HP: 76/76 MP: 19/19
 12495 | Lair:2   | Noticed Erica
 12496 | Lair:2   | 12496 ||| INVOKING Heroism.
 12497 | Lair:2   | 12497 ||| INVOKING Finesse.
 12504 | Lair:2   | Killed Erica
 12693 | Lair:2   | Reached skill level 9 in Armour
 12736 | Lair:2   | 12736 ||| INVOKING Heroism.
 12824 | Lair:2   | Noticed a skyshark
 12825 | Lair:2   | 12825 ||| FLEEEEING.
 12826 | Lair:2   | 12826 ||| FLEEEEING.
 12827 | Lair:2   | 12827 ||| FLEEEEING.
 12828 | Lair:2   | 12828 ||| FLEEEEING.
 12829 | Lair:2   | 12829 ||| FLEEEEING.
 12830 | Lair:2   | 12830 ||| FLEEEEING.
 12831 | Lair:2   | 12831 ||| FLEEEEING.
 12837 | Lair:2   | 12837 ||| INVOKING Heroism.
 12841 | Lair:2   | Killed a skyshark
 12854 | Lair:2   | HP: 16/76 [salamander/+0 spear (9)]
 12854 | Lair:2   | Mangled by a torpor snail

Levels and vault maps discovered:
D:1:      erik_arrival_blinker_ship, layout_basic,
          dilly_ecumenical_altar_fadedgnrine
D:2:      layout_basic, minmay_hedge_maze
D:3:      kennysheep_big_flooded_room, layout_loops_ring,
          hellmonk_okawaru_the_only_friend_you_need, gammafunk_ghost_icy,
          uniq_ijyb
D:4:      layout_loops_corners, patterned_corridor
D:5:      layout_loops_ring, gammafunk_ghost_split, serial_co_window_serial,
          co_window_paths_b, co_window_paths_a, co_window_paths_a,
          co_window_paths_b, co_window_corner_a, co_window_2corner,
          co_window_of_opportunity_c, co_window_of_opportunity_c, co_window_sun,
          glass_columns_b, glass_columns_b, glass_columns_c,
          hangedman_abyss_or_decor_lesser_grid, grunt_ministairs_4,
          uniq_blork_the_orc
D:6:      lemuel_ratsnest, layout_basic, chequers_decorated_corner
D:7:      layout_loops_ring, mainiacjoe_overflow_alcove_2,
          minmay_temple_entry_waves, serial_shops, nicolae_shop_crystal,
          nicolae_ossuary_entry_monument, minivault_5, grunt_ministairs_6,
          hangedman_abyss_or_decor_stabs
D:8:      layout_gridville, old_standard_altar, grunt_lair_entry_orc_guard_hut,
          nicolae_elemental_shop, uniq_joseph
Lair:1:   layout_long_grid, basic_altar
Lair:2:   gammafunk_lair_enchanted_lake, layout_long_grid,
          nicolae_snake_entry_warm_welcome, enter_volcano_2,
          kennysheep_snail_temple, uniq_gastronok, uniq_erica

Skill      XL: |  1  2  3  4  5  6  7  8  9 10 11 12 |
---------------+-------------------------------------+-----
Axes           | 2 3 4 5 6 7 8 9 10 11 | 11.6
Fighting       | 4 5 6 7 8 9 |  9.0
Invocations    | 3 4 5 9 10 | 10.0
Armour         | 4 5 7 8 9 |  9.0
Dodging        | 1 2 |  2.2
Throwing       | 1 2 3 |  3.0
Shields        | 4 5 |  5.1

Action                     |  1- 3 |  4- 6 |  7- 9 | 10-12 || total
---------------------------+-------+-------+-------+-------++-------
  Melee: War axe           |   103 |   188 |   278 |       ||   569
         Broad axe         |       |       |   108 |   277 ||   385
  Throw: Boomerang         |       |       |   104 |     6 ||   110
         Javelin           |       |       |     2 |    42 ||    44
 Invoke: Heroism           |       |     3 |     7 |    18 ||    28
         Finesse           |       |       |       |     1 ||     1
    Use: Scroll            |     2 |     6 |     9 |     3 ||    20
         Potion            |     1 |     3 |     6 |       ||    10
   Stab: Invisible         |       |       |     2 |       ||     2
 Armour: Scale mail        |    59 |    49 |       |       ||   108
         Chain mail        |       |    76 |   185 |    20 ||   281
         Plate armour      |       |       |       |   142 ||   142
  Dodge: Dodged            |    58 |    72 |   155 |   196 ||   481
  Block: Buckler           |    19 |    45 |    66 |    85 ||   215

Table legend:
 A = Non-vault XP
 B = Vault XP
 C = Vault XP percentage of total XP
 D = Non-vault monster count
 E = Vault monster count
 F = Vault count percentage of total count
                 A         B        C        D         E       F
            +---------+---------+-------+---------+---------+-------
      Total |   16381 |    5415 |  24.8 |     189 |      79 |  29.5
            +---------+---------+-------+---------+---------+-------
        D:1 |      58 |       0 |   0.0 |      26 |       0 |   0.0
        D:2 |      46 |       0 |   0.0 |      11 |       0 |   0.0
        D:3 |      41 |      43 |  51.2 |      12 |       3 |  20.0
        D:4 |     310 |       0 |   0.0 |      22 |       0 |   0.0
        D:5 |     453 |      96 |  17.5 |      24 |       1 |   4.0
        D:6 |    1319 |     250 |  15.9 |      18 |      37 |  67.3
        D:7 |     793 |     103 |  11.5 |      11 |       2 |  15.4
        D:8 |    1407 |     922 |  39.6 |      19 |       6 |  24.0
     Lair:1 |    6516 |       0 |   0.0 |      31 |       0 |   0.0
     Lair:2 |    5438 |    2996 |  35.5 |      15 |       6 |  28.6
    Ossuary |       0 |    1005 | 100.0 |       0 |      24 | 100.0
            +---------+---------+-------+---------+---------+-------
